 Dungeon Crawl Stone Soup version 0.32-a0-996-gb3226c233f (webtiles) character file.

Game seed: 866473775061770758

536 GiantSquids the Ruffian (level 7, -6/69 HPs)
             Began as an Octopode Berserker on Apr 24, 2024.
             Was a Priest of Trog.
             Mangled by an acid dragon (11 damage)
             ... on level 5 of the Dungeon.
             The game lasted 00:10:04 (3390 turns).

GiantSquids the Ruffian (Octopode Berserker)        Turns: 3390, Time: 00:10:05

Health: -6/69      AC:  1    Str: 18    XL:     7   Next: 25%
Magic:  7/7        EV: 12    Int: 10    God:    Trog [***...]
Gold:   264        SH:  0    Dex: 11    Spells: 6/6 levels left

rFire   . .          .
                       - Unarmed
rCold   . . .        (no shield)
rNeg    . . .        (helmet currently unavailable)
rPois   .            (no amulet)
rElec   .            l - ring of resist corrosion
rCorr   +            (no ring)
SInv    .            (no ring)
Will    .....        (no ring) Stlth
                     (no ring)
HPRegen 0.31/turn    (no ring)
MPRegen 0.10/turn    (no ring)
                     (no ring)

%: no passive effects
@: berserking, beast-form, very quick
A: beast (slay +0), almost no armour, amphibious, 8 rings, camouflage 1,
gelatinous body 1, (nimble swimmer 1), tentacles
a: Begin Untransformation, Renounce Religion, Berserk, Trog's Hand


You were on level 5 of the Dungeon.
You worshipped Trog.
Trog was most pleased with you.
You were a hulking beast.
You visited 1 branch of the dungeon, and saw 5 of its levels.

You collected 264 gold pieces.

Inventory:

Hand Weapons
 t - a +0 short sword of freezing
 y - a +0 whip
Missiles
 C - 14 stones (quivered)
Jewellery
 l - a ring of resist corrosion (left tentacle)
 m - a ring of flight
 w - an amulet of the acrobat
Talismans
 B - a beast talisman (active)
Wands
 x - a wand of flame (10)
Scrolls
 a - a scroll of brand weapon {unknown}
 d - 2 scrolls of enchant armour {unknown}
 f - 3 scrolls of identify {unknown}
 g - a scroll of revelation {unknown}
 i - 2 scrolls of torment {unknown}
 j - a scroll of acquirement {unknown}
 k - 2 scrolls of fear {unknown}
 p - 2 scrolls of teleportation {unknown}
 q - a scroll of noise {unknown}
 r - a scroll of silence {unknown}
 s - 2 scrolls of vulnerability {unknown}
 u - a scroll of summoning {unknown}
 z - a scroll of enchant weapon {unknown}
 A - a scroll of blinking {unknown}
Potions
 b - 2 potions of haste {unknown}
 c - a potion of heal wounds {unknown}
 e - a potion of attraction {unknown}
 h - a potion of lignification {unknown}
 n - 2 potions of degeneration {unknown}
 o - 3 potions of curing {unknown}
 v - a potion of might {unknown}


   Skills:
 - Level 3.0 Fighting
 - Level 3.0 Dodging
 - Level 3.5 Stealth
 - Level 7.6 Unarmed Combat
 * Level 0.0 Shapeshifting


You had 6 spell levels left.
You didn't know any spells.
Your spell library was empty.

Dungeon Overview and Level Annotations

Branches:
Dungeon (5/15)
 Temple: D:4-7

Altars:
Nemelex Xobeh
Qazlal
Uskayaw
Beogh

Annotations:
D:3 1 runed translucent door, HilariousDeathArtist's ghost, amateur CoAl
D:5 Sigmund


Innate Abilities, Weirdness & Mutations

You are a hulking beast.
Your limbs bulge with bestial killing power. (Slay +0)
You cannot wear most types of armour.
You are amphibious.
You can wear up to eight rings at the same time.
Your skin changes colour to match your surroundings (Stealth+).
Your rubbery body absorbs attacks. (AC +1, EV +1)
((You are camouflaged when in or above water. (Stealth+)))
You have tentacles for arms and can constrict up to eight enemies at once.


Message History

You tentacle-slap the quokka. Your grab misses the quokka.
You squeeze the quokka, but do no damage.
The quokka is heavily wounded.
The quokka barely misses you.
You tentacle-slap the quokka.
You kill the quokka!
Trog accepts your kill.
Okay, then.
You closely miss the acid dragon. The acid dragon bites you!
The acid dragon barely misses you.
You barely miss the acid dragon.
You squeeze the acid dragon, but do no damage.
The quokka barely misses you. The acid dragon spits acid at you.
The splash of acid hits you! You resist.
* * * LOW HITPOINT WARNING * * *
A red film seems to cover your vision as you go berserk!
You feel yourself moving faster!
You feel mighty! The quokka bites you.
* * * LOW HITPOINT WARNING * * *
The acid dragon misses you. The acid dragon claws you.
* * * LOW HITPOINT WARNING * * *
You barely miss the acid dragon.
The quokka twitches its whiskers.
The quokka misses you.
You completely miss the acid dragon. Your squeeze misses the acid dragon.
The acid dragon barely misses you. The acid dragon closely misses you.
The quokka bites you.
* * * LOW HITPOINT WARNING * * *
You barely miss the acid dragon. You squeeze the acid dragon!
The acid dragon is moderately wounded.
The acid dragon bites you!
* * * LOW HITPOINT WARNING * * *
The acid dragon completely misses you. The quokka barely misses you.
You batter the quokka!!
You kill the quokka!
Trog accepts your kill.
You bludgeon the acid dragon!
The acid dragon is almost dead.
The acid dragon bites you!
You die...

#.#########
#.# ####.#
# # #....#
#.#.##.##.#
....#...#.#
#.........#
####D..#.#
##h##.#
#†##.#
#.##.#
#.##.#
#.##..
...### ...
... .....


You could see an acid dragon (catching breath).

Vanquished Creatures
  A gnoll sergeant (D:5)
  2 scorpions
  A bombardier beetle (D:5)
  2 jellies
  An orc priest (D:4)
  An iguana (D:4)
  An orc wizard (D:4)
  7 gnolls
  An adder (D:2)
  4 ribbon worms (D:2)
  12 orcs
  5 endoplasms
  3 giant cockroaches
  4 goblins
  4 hobgoblins
  6 jackals
  5 kobolds
  7 quokkas
  7 ball pythons
  4 bats
  3 frilled lizards
  3 rats
84 creatures vanquished.

Notes
Turn   | Place    | Note
-------+----------+-------------------------------------------
     0 | D:1      | GiantSquids the Octopode Berserker began the quest for the
                  | Orb.
     0 | D:1      | Reached XP level 1. HP: 16/16 MP: 1/1
   113 | D:1      | Reached skill level 1 in Stealth
   186 | D:1      | Reached XP level 2. HP: 11/21 MP: 2/2
   745 | D:2      | Reached XP level 3. HP: 25/26 MP: 3/3
   794 | D:2      | Reached ** piety under Trog
   865 | D:2      | Reached skill level 4 in Unarmed Combat
  1070 | D:2      | Reached XP level 4. HP: 21/31 MP: 4/4
  1638 | D:3      | Found a sparkling altar of Nemelex Xobeh.
  1736 | D:3      | Found a runed translucent door.
  1744 | D:3      | Noticed HilariousDeathArtist's ghost (amateur CoAl)
  2083 | D:4      | Reached XP level 5. HP: 36/36 MP: 5/5
  2133 | D:4      | Reached skill level 5 in Unarmed Combat
  2232 | D:4      | Found a stormy altar of Qazlal.
  2318 | D:4      | Reached *** piety under Trog
  2359 | D:4      | Found a roughly hewn altar of Beogh.
  2369 | D:4      | Reached skill level 6 in Unarmed Combat
  2369 | D:4      | Reached XP level 6. HP: 12/42 MP: 6/6
  2685 | D:4      | Found a hide-covered altar of Uskayaw.
  2882 | D:5      | Entered Level 5 of the Dungeon
  2937 | D:5      | Reached skill level 7 in Unarmed Combat
  3053 | D:5      | Reached XP level 7. HP: 25/46 MP: 7/7
  3154 | D:5      | Noticed Sigmund
  3390 | D:5      | Mangled by an acid dragon

Illustrated notes

Levels and vault maps discovered:
D:1:      evilmike_arrival_hilbert_curve, layout_basic
D:2:      layout_basic
D:3:      layout_rooms, nemelex_diamond_rough_becter, ebering_ghost_sewer_d
D:4:      layout_basic, grunt_qazlal_clouds,
          mainiacjoe_overflow_small_starburst, wad_floor_pattern_1,
          kennysheep_orc_chapel
D:5:      kennysheep_steamy, layout_loops_ring, uniq_sigmund

Skill      XL: |  1  2  3  4  5  6 |
---------------+-------------------+-----
Stealth        | 1 2 3 |  3.5
Unarmed Combat | 4 6 7 |  7.6
Fighting       | |  3.0
Dodging        | |  3.0

Action                     |  1- 3 |  4- 6 |  7- 9 || total
---------------------------+-------+-------+-------++-------
  Melee: Unarmed           |    64 |    91 |    14 ||   169
         Constrict         |    20 |    22 |     2 ||    44
         Tentacles         |    12 |    27 |     5 ||    44
         Punch             |     3 |     4 |     1 ||     8
 Invoke: Berserk           |       |     1 |     1 ||     2
   Stab: Sleeping          |     6 |    10 |     1 ||    17
 Armour: Skin              |    25 |    38 |    10 ||    73
  Dodge: Dodged            |    30 |    42 |    10 ||    82
   Form: Beast             |       |       |     1 ||     1

Table legend: (Time is in decaauts)
 A = Elapsed time spent in this place.
 B = Non-inter-level travel time spent in this place.
 C = Inter-level travel time spent in this place.
 D = Time resting spent in this place.
 E = Time spent auto-exploring this place.
 F = Levels seen in this place.
 G = Mean time per level.
                   A        B        C        D        E       F      G
               +--------+--------+--------+--------+--------+-----+--------+
         Total |   3387 |   3267 |    120 |      3 |   2565 |   5 |  677.4 |
       Dungeon |   3387 |   3267 |    120 |      3 |   2565 |   5 |  677.4 |
               +--------+--------+--------+--------+--------+-----+--------+

Top non-repeatable levels by time:
     D:4: 1023 daAuts
     D:2: 799 daAuts
     D:1: 689 daAuts
     D:3: 476 daAuts
     D:5: 398 daAuts
